AoeStats
← 一剑扫秋风nelson

Arena

508386896Analyzed
4v4 RM · 10d ago on Sep 22, 2026· 20m 52s· 8 players
Game mode
Random Map
Map size
Large (8 player)
Population
200
Speed
Normal
Resources
Standard
Victory
Conquest
Starting age
Dark Age
Ending age
Imperial Age
RankedLock teamsTeams togetherTeam positionsShared explorationLock speedFull tech treeHidden civsTurbo modeCheats
Victory
Defeat
🇦🇺 Spanish · Australia
2090
+3
🇨🇳 Mapuche · China
1938
+5
🇲🇦 Italians · Morocco
1830
+7
🇧🇬 Persians · Bulgaria
1811
+8
🇻🇳 Vikings · Vietnam
1680
-6
🇲🇽 Huns · Mexico
1671
-6
🇺🇸 Mongols · United States
1667
-7
🇹🇼 Teutons · Taiwan
1594
-4
HaraKiri
10:26 Feudal Age
11:30 Town Watch
14:24 Castle Age
12:38 Double-Bit Axe
13:33 Horse Collar
17:29 Wheelbarrow
17:17 Bow Saw
20:03 Hand Cart
19:33 Loom
21:16 Heavy Plow
Zni.Locuss
11:06 Feudal Age
11:09 Loom
14:46 Castle Age
12:39 Double-Bit Axe
13:10 Horse Collar
17:17 Scale Barding Armor
一剑扫秋风nelson
8:02 Feudal Age
7:31 Loom
8:32 Double-Bit Axe
15:27 Castle Age
15:03 Gold Mining
15:23 Town Watch
15:33 Fletching
16:27 Horse Collar
18:10 Wheelbarrow
18:42 Padded Archer Armor
20:17 Bodkin Arrow
STORM | Noszombie
5:07 Loom
11:24 Feudal Age
17:14 Castle Age
16:02 Stone Mining
20:51 Horse Collar
Lastmantillidie
10:05 Feudal Age
13:53 Castle Age
12:17 Double-Bit Axe
12:14 Horse Collar
14:55 Bow Saw
VX | Obligame Perro!
10:58 Feudal Age
14:35 Castle Age
12:54 Double-Bit Axe
13:45 Horse Collar
15:37 Bow Saw
快樂 543
6:06 Loom
8:41 Feudal Age
10:19 Fletching
10:20 Town Watch
16:26 Double-Bit Axe
16:27 Horse Collar
tigerdownhill_
8:35 Loom
10:20 Feudal Age
15:01 Castle Age
13:35 Double-Bit Axe
13:30 Horse Collar
16:08 Bow Saw
Connection lost

Rejoining the realm…

Still unreachable

The connection could not be restored.

Session expired

The server has moved on; the page needs a fresh start.